AoeStats
← Chigüiro

Arena

509017529Analyzed
4v4 RM · 7d ago on Sep 25, 2026· 33m 40s· 8 players
Game mode
Random Map
Map size
Large (8 player)
Population
200
Speed
Normal
Resources
Standard
Victory
Conquest
Starting age
Dark Age
Ending age
Imperial Age
RankedLock teamsTeams togetherTeam positionsShared explorationLock speedFull tech treeHidden civsTurbo modeCheats
Victory
Defeat
1700
+11
1671
+12
🇧🇷 Italians · Brazil
1532
+17
🇺🇸 Khmer · United States
1505
+17
🇦🇷 Khmer · Argentina
1611
-16
🇨🇴 Saxons · Colombia
1609
-16
🇵🇦 Georgians · Panama
1537
-13
🇨🇴 Tatars · Colombia
1511
-12
hK | Santo
6:28 Loom
8:55 Feudal Age
13:55 Double-Bit Axe
19:52 Castle Age
20:41 Fletching
Chigüiro
10:35 Feudal Age
14:25 Castle Age
12:28 Double-Bit Axe
12:29 Horse Collar
15:32 Bow Saw
17:16 Fletching
20:36 Bodkin Arrow
22:44 Ballistics
26:07 Husbandry
26:17 Bloodlines
29:35 Imperial Age
27:12 Padded Archer Armor
27:10 Gold Mining
32:35 Bracer
Nos'
10:55 Feudal Age
13:36 Castle Age
11:30 Double-Bit Axe
12:14 Horse Collar
20:47 Wheelbarrow
20:30 Bow Saw
21:59 Gold Mining
24:09 Gold Shaft Mining
23:25 Stone Mining
24:03 Hand Cart
27:02 Imperial Age
25:33 Stone Shaft Mining
25:03 Loom
25:04 Town Watch
25:37 Heavy Plow
26:27 Padded Archer Armor
26:54 Bloodlines
26:45 Husbandry
28:12 Leather Archer Armor
27:44 Elite Ballista Elephant
28:45 Conscription
28:07 Capped Ram
29:47 Double Crossbow
29:58 Siege Ram
32:21 Scale Barding Armor
32:44 Ballistics
33:51 Chemistry
Telo Bombeo
10:25 Feudal Age
14:29 Castle Age
12:58 Double-Bit Axe
13:20 Horse Collar
15:45 Bow Saw
18:44 Wheelbarrow
18:22 Heavy Plow
19:35 Loom
21:37 Town Watch
22:50 Hand Cart
28:32 Imperial Age
26:13 Gold Mining
26:16 Stone Mining
27:06 Scale Barding Armor
28:05 Stone Shaft Mining
29:14 Bloodlines
29:05 Husbandry
29:17 Town Patrol
29:47 Chain Barding Armor
30:06 Conscription
32:03 Plate Barding Armor
31:18 Fletching
31:29 Padded Archer Armor
32:11 Fortified Wall
33:03 Chemistry
32:14 Masonry
31:54 Elite Skirmisher
33:17 Svan Towers
33:13 Guard Tower
Ivbin Jirginov
10:34 Feudal Age
10:54 Feudal Age
14:01 Castle Age
12:15 Horse Collar
12:22 Double-Bit Axe
21:13 Wheelbarrow
21:34 Heavy Plow
22:27 Hand Cart
22:30 Bow Saw
22:42 Loom
22:43 Town Watch
23:13 Gold Mining
27:44 Imperial Age
26:01 Gold Shaft Mining
26:14 Scale Barding Armor
26:20 Forging
25:42 Light Cavalry
26:33 Bloodlines
26:24 Husbandry
28:12 Chain Barding Armor
28:28 Iron Casting
28:10 Hussar
29:41 Plate Barding Armor
31:12 Fletching
32:26 Blast Furnace
33:52 Crop Rotation
Aron
11:11 Feudal Age
15:26 Castle Age
13:28 Double-Bit Axe
13:27 Horse Collar
14:03 Fletching
14:24 Gold Mining
16:38 Bow Saw
25:49 Wheelbarrow
25:01 Loom
29:17 Imperial Age
27:16 Padded Archer Armor
27:38 Masonry
27:49 Ballistics
28:02 Bodkin Arrow
29:40 Silk Road
30:12 Leather Archer Armor
30:39 Conscription
30:41 Bracer
32:17 Ring Archer Armor
33:11 Chemistry
QNA | Apachai Hopachai
5:29 Loom
8:03 Feudal Age
10:18 Fletching
15:19 Double-Bit Axe
16:12 Horse Collar
22:32 Castle Age
23:25 Bodkin Arrow
24:09 Guard Tower
30:18 Bow Saw
31:38 Heavy Plow
33:35 Stone Mining
33:36 Gold Mining
33:33 Town Watch
3 Times hidden pool survivor
8:09 Feudal Age
8:46 Double-Bit Axe
10:10 Horse Collar
17:33 Bloodlines
19:26 Castle Age
17:33 Gold Mining
18:52 Wheelbarrow
18:41 Bloodlines
18:29 Loom
19:16 Scale Barding Armor
19:22 Forging
20:07 Forging
20:57 Bow Saw
21:40 Capped Ram
26:38 Heavy Plow
30:54 Chain Barding Armor
Connection lost

Rejoining the realm…

Still unreachable

The connection could not be restored.

Session expired

The server has moved on; the page needs a fresh start.